 Dungeon Crawl Stone Soup version 0.30-a0-800-g7c544603b3 (webtiles) character file.

Game seed: 17992169775585055955

88 sasquatch the Slasher (level 4, 0/18 (34) HPs)
             Began as a Barachi Reaver on Feb 22, 2023.
             Slain by an adder (3 damage)
             ... on level 2 of the Dungeon.
             The game lasted 00:04:01 (1164 turns).

sasquatch the Slasher (Barachi Reaver)              Turns: 1164, Time: 00:04:01

HP:   0/18 (34)     AC:  3    Str: 13    XL:     4   Next: 53%
MP:   5/7           EV: 12    Int: 13    God:
Gold: 36            SH:  0    Dex: 13    Spells: 4/7 levels left

rFire   . . .      SeeInvis .    a - +0 falchion
rCold   . . .      Faith    .    (no shield)
rNeg    . . .      Spirit   .    b - +0 leather armour
rPois   .          Reflect  .    (no helmet)
rElec   .          Harm     .    (no cloak)
rCorr   .          Rampage  .    (no gloves)
Will    .....                    (no boots)
Stlth   +                        (no amulet)
HPRegen 0.23/turn                (no ring)
MPRegen 0.10/turn                (no ring)

@: very heavily drained, slow
A: amphibious, slowness 1, strong legs 1, +LOS
a: Hop


You were on level 2 of the Dungeon.
You visited 1 branch of the dungeon, and saw 2 of its levels.

You collected 36 gold pieces.

Inventory:

Hand Weapons
 a - a +0 falchion (weapon)
Armour
 b - a +0 leather armour (worn)
Magical Staves
 c - a staff of earth
Scrolls
 d - 2 scrolls of teleportation
 e - a scroll of magic mapping {unknown}
 f - a scroll of brand weapon {unknown}
 g - a scroll of enchant armour {unknown}
 h - a scroll of identify {unknown}


   Skills:
 - Level 2.4 Fighting
 * Level 5.5 Long Blades
 - Level 2.1 Dodging
 - Level 2.1 Spellcasting
 + Level 4.2 Conjurations


You had 4 spell levels left.
You knew the following spells:

 Your Spells              Type           Power      Damage    Failure   Level
a - Kiss of Death         Conj/Necr      24%        2d7       14%         1
b - Momentum Strike       Conj/Tloc      12%        3d8       21%         2

Your spell library contained the following spells:

 Spells                   Type           Power      Damage    Failure   Level
 Hailstorm                Conj/Ice       6%         3d4       38%         3


Dungeon Overview and Level Annotations

Branches:
Dungeon (2/15)

Altars:


Innate Abilities, Weirdness & Mutations

You are amphibious.
You cover ground slowly.
You can hop short distances.
You have an extended range of vision and can be seen from far away.


Message History

Casting: Kiss of Death (safe; 14% risk of failure)
Confirm with . or Enter, or press ? or * to list all spells.
Aiming: Kiss of Death (safe; 14% risk of failure)
Press: ? - help, Shift-Dir - straight line, f - gnoll
Aim: a gnoll, wielding a +0 whip and wearing a +0 ring mail (100% to hit)
The negative energy hits the gnoll.
The gnoll is drained!
The gnoll is moderately wounded.
You feel drained. The gnoll hits you with a +0 whip.
You hit the gnoll.
The gnoll is heavily wounded.
The gnoll barely misses you. The adder bites you.
* * * LOW HITPOINT WARNING * * *
You barely miss the gnoll.
The gnoll is heavily wounded.
The adder bites you.
* * * LOW HITPOINT WARNING * * *
You are poisoned.
The adder poisons you! The gnoll barely misses you.
Casting: Kiss of Death (safe; 14% risk of failure)
Confirm with . or Enter, or press ? or * to list all spells.
Aiming: Kiss of Death (safe; 14% risk of failure)
Press: ? - help, Shift-Dir - straight line, f/p - gnoll
Aim: a gnoll, wielding a +0 whip and wearing a +0 ring mail (heavily wounded, heavily drained, 100% to hit)
The negative energy hits the gnoll!
The gnoll is drained!
You kill the gnoll!
You feel drained.
You feel sick. The adder bites you but does no damage.
You barely miss the adder.
You feel sick. The adder closely misses you. The adder barely misses you.
You slash the adder!
The adder is severely wounded.
You feel sick. The adder barely misses you.
You hit the adder.
The adder is severely wounded.
You feel sick.
You are no longer poisoned.
The adder barely misses you.
You closely miss the adder.
The adder is severely wounded.
The adder bites you.
You die...

#.#....#...##...##
#....#......#..#
###..#..#'#..#.#
#.##.##.##.#.#
#.#..#...#...#
#.#.#######..##
##.#.#.....#...#
#....#.....'†..#
#.#g#########@.#
#.#g#....J./#)S#
####.#.b.J.o...#..#
.....b.#......:#..#
##.....#########..#
........ ..##
##.####.# .## #. .#
#. # :. .


You could see an adder.

Vanquished Creatures
  3 gnolls
  2 adders (D:2)
  2 dart slugs (D:1)
  A bat (D:1)
  2 endoplasms
  A giant cockroach (D:1)
  A goblin (D:1)
  4 hobgoblins
  2 jackals (D:1)
  A quokka (D:1)
  6 ball pythons
  4 frilled lizards
  5 kobolds
  7 rats
41 creatures vanquished.

Notes
Turn   | Place    | Note
-------+----------+-------------------------------------------
     0 | D:1      | sasquatch the Barachi Reaver began the quest for the Orb.
     0 | D:1      | Reached XP level 1. HP: 17/17 MP: 3/3
    65 | D:1      | Reached skill level 4 in Long Blades
   170 | D:1      | Reached XP level 2. HP: 20/22 MP: 5/5
   281 | D:1      | Reached XP level 3. HP: 25/26 MP: 6/6
   542 | D:1      | Found a faded altar of an unknown god.
   769 | D:2      | Learned a level 2 spell: Momentum Strike
   790 | D:2      | Reached skill level 5 in Long Blades
  1021 | D:2      | Reached XP level 4. HP: 26/30 MP: 7/7
  1164 | D:2      | Slain by an adder

Illustrated notes

Levels and vault maps discovered:
D:1:      wander_arrival_fairy_ring, layout_rooms,
          shapermc_ecumenical_altar_notcrosses, minmay_pentomino_r2
D:2:      layout_rooms, basic_altar, minmay_divided_ellipse, uniq_jessica,
          uniq_crazy_yiuf_cottage

Skill      XL: |  1  2  3 |
---------------+----------+-----
Long Blades    | 4 5 |  5.5
Conjurations   | 4 |  4.2
Fighting       | |  2.4
Dodging        | |  2.1
Spellcasting   | |  2.1

Action                     |  1- 3 |  4- 6 || total
---------------------------+-------+-------++-------
  Melee: Falchion          |   114 |    26 ||   140
   Cast: Kiss of Death     |     3 |     3 ||     6
Ability: Hop               |     1 |       ||     1
    Use: Scroll            |     1 |       ||     1
         Potion            |     1 |       ||     1
 Armour: Leather armour    |    28 |     5 ||    33
  Dodge: Dodged            |    72 |    18 ||    90

Table legend: (Time is in decaauts)
 A = Elapsed time spent in this place.
 B = Non-inter-level travel time spent in this place.
 C = Inter-level travel time spent in this place.
 D = Time resting spent in this place.
 E = Time spent auto-exploring this place.
 F = Levels seen in this place.
 G = Mean time per level.
                   A        B        C        D        E       F      G
               +--------+--------+--------+--------+--------+-----+--------+
         Total |   1316 |   1313 |      3 |    127 |    824 |   2 |  658.0 |
       Dungeon |   1316 |   1313 |      3 |    127 |    824 |   2 |  658.0 |
               +--------+--------+--------+--------+--------+-----+--------+

Top non-repeatable levels by time:
     D:1: 773 daAuts
     D:2: 543 daAuts
